 Dungeon Crawl Stone Soup version 0.19.5 (webtiles) character file.

131289 ghjk the Executioner (level 16, -1/157 HPs)
             Began as a Minotaur Fighter on Apr 25, 2017.
             Was the Champion of Okawaru.
             Slain by a wolf spider (22 damage)
             ... on level 2 of the Spider Nest.
             The game lasted 01:00:34 (31519 turns).

ghjk the Executioner (Minotaur Fighter)            Turns: 31519, Time: 01:00:36

Health: -1/157     AC:  0    Str: 26    XL:     16   Next: 54%
Magic:  9/15       EV: 17    Int:  5    God:    Okawaru [******]
Gold:   1714       SH:  4    Dex: 12    Spells: 0 memorised, 15 levels left

rFire  . . .     SeeInvis .     (weapon currently unavailable)
rCold  . . .     Gourm    .     (armour currently unavailable)
rNeg   . . .     Faith    .     (shield currently unavailable)
rPois  .         Spirit   .     (helmet currently unavailable)
rElec  .         Reflect  +     (cloak currently unavailable)
rCorr  .         Harm     .     (gloves currently unavailable)
MR     +....                    (boots currently unavailable)
Stlth  +.........               j - +4 amulet of reflection
                                (ring currently unavailable)
                                (ring currently unavailable)

@: about to teleport, pig-form, slowed
A: (retaliatory headbutt), (horns 0)
a: Heroism, Finesse, Renounce Religion


You were on level 2 of the Spider Nest.
You worshipped Okawaru.
Okawaru was exalted by your worship.
You were not hungry.
You were a filthy swine.
You visited 5 branches of the dungeon, and saw 26 of its levels.
You visited the Abyss 1 time.

You collected 2718 gold pieces.
You spent 1004 gold pieces at shops.

Inventory:

Hand Weapons
 c - the +1 executioner's axe of Defiance {drain, MP-9 Str+3 Int+2}
   (Okawaru gifted it to you on level 14 of the Dungeon)

   A truly terrible weapon, it drains the life of those it strikes.
   It affects your strength (+3).
   It affects your intelligence (+2).
   It affects your magic capacity (-9).
 M - a +0 dire flail of protection
 P - the +9 battleaxe "Eviscerator" (melded) {antimagic, Str+2}
   (Okawaru gifted it to you on level 11 of the Dungeon)

   It reduces the magical energy of the wielder, and disrupts the spells and
   magical abilities of those hit.
   Natural abilities and divine invocations are not affected.
   It affects your strength (+2).
Armour
 b - a +1 pair of boots of flying (melded)
 t - the +0 pair of gloves of the Curses (melded) {rC+ MP+9}
   (Okawaru gifted it to you on level 2 of the Orcish Mines)

   It protects you from cold.
   It affects your magic capacity (+9).
 y - a +2 hat (melded)
 C - a +0 pair of boots of running
 D - a +2 cloak of poison resistance (melded)
 N - a +0 plate armour (melded)
 W - a +2 pair of gloves
 Z - a +1 hat of see invisible
Jewellery
 e - a ring of protection from fire (melded)
 j - a +4 amulet of reflection (around neck)
 p - a +2 ring of dexterity (melded)
 w - an uncursed ring of resist corrosion
 O - an uncursed ring of positive energy
 R - an uncursed ring of protection from cold
 V - an uncursed ring of see invisible
Wands
 n - a wand of acid (7/15)
 u - a wand of teleportation (3/9)
 x - a wand of lightning (5/15)
 B - a wand of polymorph (4/24)
 I - a wand of confusion (27/48)
 K - a wand of paralysis (6/24)
 S - a wand of polymorph (12/24)
Scrolls
 a - 3 scrolls of recharging
 g - 12 scrolls of remove curse
 h - 3 scrolls of enchant weapon
 l - 7 scrolls of magic mapping
 s - 2 scrolls of teleportation
 A - 3 scrolls of amnesia
 E - 3 scrolls of fog
 F - 9 scrolls of fear
 G - a scroll of enchant armour
 J - 5 scrolls of identify
Potions
 f - a potion of ambrosia
 i - 10 potions of flight
 m - 3 potions of lignification
 o - 6 potions of agility
 q - 6 potions of curing
 r - a potion of experience {unknown}
 v - 2 potions of cure mutation
 z - 2 potions of invisibility
 H - 3 potions of berserk rage {unknown}
 L - a potion of resistance
 Q - a potion of haste
 T - 2 potions of magic
 U - 3 potions of might
 Y - 3 potions of brilliance
Books
 X - a book of Beasts

   Spells                             Type                      Level
   a - Summon Butterflies             Summoning                    1
   b - Call Canine Familiar           Summoning                    3
   c - Summon Ice Beast               Ice/Summoning                4
   d - Summon Mana Viper              Hexes/Summoning              5
   e - Summon Hydra                   Summoning                    7
Comestibles
 d - 6 bread rations
 k - 10 meat rations


   Skills:
 + Level 17.9 Fighting
 + Level 23.1 Axes
 + Level 15.9 Armour
 + Level 5.1 Dodging
   Level 3.6 Shields


You had 15 spell levels left.
You didn't know any spells.

Dungeon Overview and Level Annotations

Branches:
Dungeon (15/15)            Temple (1/1) D:7            Lair (6/6) D:9
 Shoals (0/4) Lair:4       Spider (2/4) Lair:2        Slime (0/5) Lair:5
    Orc (2/2) D:12            Elf (0/3) Orc:2        Vaults (0/5) D:14
 Depths: D:15

Altars:
Ashenzari
Cheibriados
Dithmenos
Elyvilon
Fedhas
Gozag
Hepliaklqana
Kikubaaqudgha
Makhleb
Nemelex Xobeh
Okawaru
Qazlal
Ru
Sif Muna
Trog
Uskayaw
Vehumet
Xom
Yredelemnul
Zin
The Shining One
Beogh
Jiyva

Shops:
D:5 }   D:14 !!   Orc:1 [:[   Orc:2 (*=[

Annotations:
D:7 Blork the orc
Spider:2 Kirke


Innate Abilities, Weirdness & Mutations

((You reflexively headbutt those who attack you in melee.))
((You have a pair of horns on your head.))


Message History

You are poisoned.
The wolf spider poisons you! The wolf spider hits you!
The wolf spider closely misses you.
Unknown command.
You're too confused!
You feel better. The wolf spider hits you!
* * * LOW HITPOINT WARNING * * *
The wolf spider closely misses you. The hog closely misses you.
The wolf spider closely misses you. The wolf spider bites you.
* * * LOW HITPOINT WARNING * * *
Okay, then.
Okay, then.
As you read the scroll of teleportation, it crumbles to dust.
You feel strangely unstable. The tarantella bites you!
* * * LOW HITPOINT WARNING * * *
The wolf spider hits you.
* * * LOW HITPOINT WARNING * * *
You block the wolf spider's attack. The tarantella closely misses you.
The wolf spider hits you!!
You die...

#......#.... ##^....^....
#..##....... ####..##.##..#
### #..###########
###.#####...........## .
###...H.##............#.
...#.....ss..............#.
........h@h....#..###....##
.#.....#####..#####.....##
..^#...## #..# ####...?
##.. #### #..... ....
#^.#.# ...#. #..### .≈..###
##..^# ...# #..#### ...
#### #


You could see Kirke, a wolf spider, a manticore, a hog and a tarantella.

Vanquished Creatures
  Gastronok (Lair:2)
  2 emperor scorpions
  2 orc warlords (Orc:2)
  Louise (Spider:1)
  Nessos (Lair:4)
  3 entropy weavers
  Josephine (Spider:1)
  2 vault guards (D:14)
  7 hydras
  A catoblepas (Lair:5)
  Erica (Orc:1)
  An ogre mage (D:11)
  2 tengu warriors
  The ghost of mike2R the Geomancer, a journeyman GrEE of Vehumet (D:10)
  A queen ant (Lair:4)
  4 centaur warriors
  5 orc high priests (Orc:2)
  4 death yaks (Lair:2)
  Urug (Lair:4)
  A wretched star (Abyss:2)
  2 unseen horrors (D:14)
  3 wizards (D:14)
  A glowing orange brain (D:15)
  6 hill giants
  A deep elf archer (Orc:2)
  11 orb spiders
  5 orc knights (Orc:2)
  10 wolf spiders
  2 deep elf magi
  16 ugly things
  5 orc sorcerers (Orc:2)
  4 cyclopes
  2 manticores
  A siren (Lair:4)
  Maurice (D:13)
  4 black mambas
  A smoke demon (Abyss:3)
  Joseph (D:9)
  11 spiny frogs
  9 komodo dragons
  3 rime drakes
  A freezing wraith (D:14)
  5 kobold demonologists
  7 demonic crawlers
  A tengu conjurer (D:14)
  An ancient zyme (Abyss:2)
  4 merfolk
  11 jumping spiders
  8 trolls
  8 blink frogs (Lair:4)
  2 two-headed ogres
  7 polar bears
  A queen bee (D:11)
  A harpy skeleton (D:15)
  3 hornets (Lair:6)
  2 large abominations (Abyss:2)
  10 hippogriffs
  24 redbacks
  9 tarantellas
  3 wraiths (Spider:1)
  66 yaks
  14 spriggans
  A yak (shapeshifter) (D:11)
  A steam dragon (D:14)
  3 wyverns
  A hog (Spider:2)
  4 basilisks
  3 hungry ghosts
  17 humans (D:14)
  A basilisk (shapeshifter) (D:15)
  A vampire mosquito (D:14)
  A mottled dragon (D:15)
  4 wargs
  22 soldier ants (Lair:4)
  2 small abominations (Abyss:2)
  17 water moccasins
  15 porcupines
  39 orc warriors
  8 sky beasts
  A hornet zombie (D:9)
  2 phantoms
  8 black bears
  3 eyes of draining
  3 ice beasts
  4 necrophages
  20 wolves
  18 centaurs
  15 ogres
  7 boggarts
  9 crocodiles
  8 big kobolds
  16 bullfrogs
  A wyvern zombie (D:11)
  A water moccasin zombie (D:11)
  2 jellies
  4 scorpions
  31 killer bees
  5 wights
  2 electric eels
  7 crimson imps
  14 hounds
  21 orc priests
  Crazy Yiuf (D:2)
  A bullfrog skeleton (D:6)
  2 bullfrog zombies
  24 orc wizards
  4 centaur skeletons
  Ijyb (D:3)
  4 iguanas
  20 worker ants
  A killer bee zombie (D:7)
  2 hound zombies
  2 hound skeletons (D:8)
  A howler monkey zombie (D:9)
  3 gnolls (D:2)
  8 adders
  A river rat (D:9)
  3 shadow imps
  5 adder skeletons
  4 adder zombies
  4 worms
  2 dart slugs (D:2)
  9 leopard geckos
  83 orcs
  2 ball pythons (D:3)
  4 bats
  A bat zombie (D:2)
  3 giant cockroaches
  9 goblins
  9 hobgoblins
  8 jackals (D:8)
  2 quokkas
  A ball python skeleton (D:2)
  A ball python zombie (D:2)
  4 frilled lizards
  33 kobolds
  A leopard gecko skeleton (D:5)
  9 rats
  A bush (D:9)
  6 fungi
  2 plants
952 creatures vanquished.

Vanquished Creatures (others)
  A vault guard (D:14)
  A necromancer (D:14)
  8 fungi
  A lurking horror (Abyss:2)
  9 plants
20 creatures vanquished.

Grand Total: 972 creatures vanquished

Notes
Turn   | Place    | Note
-------+----------+-------------------------------------------
     0 | D:1      | ghjk the Minotaur Fighter began the quest for the Orb.
     0 | D:1      | Reached XP level 1. HP: 19/19 MP: 0/0
   163 | D:1      | Reached XP level 2. HP: 27/27 MP: 1/1
   232 | D:1      | Found a sparkling altar of Nemelex Xobeh.
   390 | D:1      | Reached skill level 3 in Axes
   695 | D:2      | Reached XP level 3. HP: 33/33 MP: 2/2
   847 | D:2      | Reached skill level 4 in Axes
   955 | D:2      | Reached XP level 4. HP: 38/41 MP: 3/3
  1147 | D:2      | Found a runed door.
  1265 | D:2      | Found a hide-covered altar of Uskayaw.
  1470 | D:2      | Reached skill level 5 in Axes
  1699 | D:2      | Noticed Crazy Yiuf
  1708 | D:2      | Killed Crazy Yiuf
  1708 | D:2      | Reached XP level 5. HP: 35/47 MP: 4/4
  1873 | D:3      | Found a faded altar of an unknown god.
  1984 | D:3      | Noticed Ijyb
  1989 | D:3      | Killed Ijyb
  3371 | D:5      | Entered Level 5 of the Dungeon
  3385 | D:5      | Reached skill level 6 in Axes
  3450 | D:5      | Found an opulent altar of Gozag.
  3460 | D:5      | Reached XP level 6. HP: 31/53 MP: 5/5
  3597 | D:5      | Reached skill level 7 in Axes
  3710 | D:5      | Reached skill level 5 in Armour
  3846 | D:5      | Found Qitwel's Gadget Shoppe.
  4044 | D:6      | Reached skill level 5 in Fighting
  4044 | D:6      | Reached XP level 7. HP: 59/61 MP: 6/6
  4239 | D:6      | Reached skill level 8 in Axes
  4293 | D:6      | Reached skill level 1 in Dodging
  4622 | D:6      | Reached skill level 9 in Axes
  4859 | D:6      | Found a hazy altar of Hepliaklqana.
  5111 | D:7      | You fall through a shaft!
  5128 | D:8      | Reached XP level 8. HP: 63/68 MP: 7/7
  5159 | D:8      | Reached skill level 10 in Axes
  5700 | D:7      | Found a staircase to the Ecumenical Temple.
  5722 | Temple   | Entered the Ecumenical Temple
  5947 | Temple   | Became a worshipper of Warmaster Okawaru
  6061 | D:7      | Reached skill level 11 in Axes
  6137 | D:7      | Reached XP level 9. HP: 54/75 MP: 8/8
  6197 | D:7      | Reached * piety under Okawaru
  6266 | D:7      | Reached skill level 12 in Axes
  6380 | D:7      | Noticed Blork the orc
  6394 | D:7      | Found a deep blue altar of Sif Muna.
  7964 | D:9      | Noticed Joseph
  7981 | D:9      | Killed Joseph
  7981 | D:9      | Reached skill level 13 in Axes
  8045 | D:9      | Reached ** piety under Okawaru
  8363 | D:9      | Reached XP level 10. HP: 43/86 MP: 9/9
  8583 | D:9      | Found a blossoming altar of Fedhas.
  8666 | D:9      | Reached *** piety under Okawaru
  8678 | D:9      | Reached skill level 14 in Axes
  8876 | D:9      | Found a staircase to the Lair.
  9488 | D:9      | Reached **** piety under Okawaru
  9516 | D:10     | Entered Level 10 of the Dungeon
  9915 | D:10     | Noticed mike2R's ghost (journeyman GrEE)
  9932 | D:10     | Killed mike2R's ghost
  9946 | D:10     | Noticed a hill giant
  9955 | D:10     | Killed a hill giant
  9955 | D:10     | Reached skill level 15 in Axes
 10239 | D:10     | Reached XP level 11. HP: 51/97 MP: 10/10
 10641 | D:10     | Reached ***** piety under Okawaru
 10779 | D:10     | Noticed a purple ugly thing
 12222 | D:10     | Killed a purple ugly thing
 12278 | D:10     | Reached skill level 10 in Fighting
 12484 | D:11     | Reached skill level 10 in Armour
 12546 | D:11     | Noticed a red ugly thing
 12887 | D:11     | Killed a red ugly thing
 12976 | D:11     | Received a gift from Okawaru
 12979 | D:11     | Got a brightly glowing battleaxe {god gift}
 12980 | D:11     | Identified the +9 battleaxe "Eviscerator" {antimagic, Str+2} (Okawaru gifted it to you on level 11 of the Dungeon)
 13255 | D:11     | Noticed a tengu warrior
 13275 | D:11     | Killed a tengu warrior
 13326 | D:11     | Reached skill level 16 in Axes
 13425 | D:11     | Noticed an ogre mage
 13472 | D:11     | Killed an ogre mage
 13723 | D:12     | Noticed a five-headed hydra
 13854 | D:12     | Noticed a hill giant
 13863 | D:12     | Killed a hill giant
 13863 | D:12     | Reached XP level 12. HP: 108/110 MP: 3/11
 13895 | D:12     | Found a staircase to the Orcish Mines.
 13999 | D:12     | Received a gift from Okawaru
 14264 | D:12     | Killed a five-headed hydra
 14657 | D:13     | Reached skill level 17 in Axes
 14720 | D:13     | Noticed Maurice
 15065 | D:13     | Noticed a centaur warrior
 15071 | D:13     | Killed a centaur warrior
 15102 | D:13     | Reached ****** piety under Okawaru
 15429 | D:13     | Received a gift from Okawaru
 15435 | D:13     | You fall through a shaft for 2 floors!
 15435 | D:15     | Entered Level 15 of the Dungeon
 15435 | D:15     | Noticed a seven-headed hydra
 15632 | D:15     | Noticed a centaur warrior
 15640 | D:15     | Killed a centaur warrior
 15658 | D:15     | Reached skill level 18 in Axes
 15752 | D:15     | Got a transparent plate armour
 16034 | D:14     | Identified the +8 plate armour of Bigrythy {*Slow rF+ rCorr Int+3 SInv} (You found it on level 15 of the Dungeon)
 16187 | D:14     | Reached XP level 13. HP: 97/118 MP: 4/12
 16764 | D:13     | Found a stormy altar of Qazlal.
 16945 | D:13     | Killed Maurice
 17133 | D:14     | Received a gift from Okawaru
 17133 | D:14     | Reached skill level 19 in Axes
 17230 | D:14     | Found a shadowy altar of Dithmenos.
 17746 | D:14     | Found a gate to the Vaults.
 17824 | D:14     | Reached skill level 20 in Axes
 18164 | D:14     | Received a gift from Okawaru
 18170 | D:14     | Got a warped executioner's axe {god gift}
 18171 | D:14     | Identified the +1 executioner's axe of Defiance {drain, MP-9 Str+3 Int+2} (Okawaru gifted it to you on level 14 of the Dungeon)
 18175 | D:14     | Found Qokaru's Distillery.
 18183 | D:14     | Bought a potion of heal wounds for 70 gold pieces
 18183 | D:14     | Bought a potion of cure mutation for 350 gold pieces
 18183 | D:14     | Found Rafo Lig's Distillery.
 18191 | D:14     | Bought a potion of heal wounds for 70 gold pieces
 18813 | D:15     | HP: 4/122 [death drake (shapeshifter) (3)]
 18814 | D:15     | HP: 1/122 [poisoned by a death drake (dark miasma)]
 19169 | D:15     | Reached XP level 14. HP: 129/129 MP: 4/13
 19783 | Lair:1   | Entered Level 1 of the Lair of Beasts
 19827 | Lair:1   | Received a gift from Okawaru
 20490 | Lair:2   | Noticed Gastronok
 20500 | Lair:2   | Killed Gastronok
 20601 | Lair:2   | Reached skill level 21 in Axes
 21092 | Lair:2   | Found a hole to the Spider Nest.
 22393 | Lair:4   | Found a staircase to the Shoals.
 22508 | Lair:4   | Noticed Nessos
 22511 | Lair:4   | Noticed Urug
 22528 | Lair:4   | Killed Urug
 22535 | Lair:4   | Killed Nessos
 22535 | Lair:4   | Received a gift from Okawaru
 22950 | Lair:4   | Noticed an entropy weaver
 22961 | Lair:4   | Killed an entropy weaver
 23006 | Lair:4   | Noticed an entropy weaver
 23019 | Lair:4   | Killed an entropy weaver
 23019 | Lair:4   | Reached skill level 15 in Fighting
 23834 | Lair:5   | Found a staircase to the Slime Pits.
 23834 | Lair:5   | Found a viscous altar of Jiyva.
 23841 | Lair:5   | Reached XP level 15. HP: 118/141 MP: 4/14
 24539 | Lair:6   | Entered Level 6 of the Lair of Beasts
 24938 | Lair:6   | Received a gift from Okawaru
 25279 | Lair:6   | Reached skill level 22 in Axes
 26434 | Orc:1    | Entered Level 1 of the Orcish Mines
 26474 | Orc:1    | Found Jontecof's Antique Armour Shop.
 26486 | Orc:1    | Bought a pair of runed gloves for 273 gold pieces
 26555 | Orc:2    | Entered Level 2 of the Orcish Mines
 26582 | Orc:1    | Noticed Erica
 26588 | Orc:1    | Killed Erica
 26735 | Orc:1    | Found Taaman Xyro's Book Boutique.
 26807 | Orc:1    | Found a roughly hewn altar of Beogh.
 27533 | Orc:2    | Noticed an orc warlord
 27643 | Orc:2    | Killed an orc warlord
 27666 | Orc:2    | Received a gift from Okawaru
 27669 | Orc:2    | Got a pair of shimmering gloves {god gift}
 27670 | Orc:2    | Paralysed by an orc sorcerer for 4 turns
 27692 | Orc:2    | Identified the +0 pair of gloves of the Curses {rC+ MP+9} (Okawaru gifted it to you on level 2 of the Orcish Mines)
 27817 | Orc:2    | Found Harutoci's General Store.
 27871 | Orc:2    | Found Keno's Antique Armour Shop.
 27898 | Orc:2    | Bought a pair of glowing boots for 241 gold pieces
 28013 | Orc:2    | Found a staircase to the Elven Halls.
 28028 | Orc:2    | Found Jenont's Antique Weapon Shoppe.
 28067 | Orc:2    | Noticed an orc warlord
 28074 | Orc:2    | Reached skill level 5 in Dodging
 28084 | Orc:2    | Killed an orc warlord
 28324 | Orc:2    | Reached skill level 15 in Armour
 28471 | Orc:2    | Found Rutiala's Jewellery Boutique.
 28858 | Orc:1    | Found Xuwk's Antique Armour Shoppe.
 29117 | Spider:1 | Entered Level 1 of the Spider Nest
 29127 | Spider:1 | Reached XP level 16. HP: 143/155 MP: 8/15
 29162 | Spider:1 | Noticed Josephine
 29167 | Spider:1 | Noticed Louise
 29168 | Spider:1 | Killed Josephine
 29174 | Spider:1 | Cast into level 2 of the Abyss (Louise)
 29359 | Spider:1 | Escaped the Abyss
 29368 | Spider:1 | Killed Louise
 30605 | Spider:1 | Reached skill level 23 in Axes
 31050 | Spider:2 | Received a gift from Okawaru
 31499 | Spider:2 | Noticed Kirke
 31519 | Spider:2 | Slain by a wolf spider

Skill      XL: |  1  2  3  4  5  6  7  8  9 10 11 12 13 14 15 16 |
---------------+-------------------------------------------------+-----
Fighting       | 4 5 6 7 9 11 12 13 15 17 | 17.9
Axes           | 3 4 5 6 7 9 11 13 15 16 18 20 21 22 23 | 23.1
Armour         | 4 5 6 7 9 10 12 13 15 | 15.9
Dodging        | 1 2 3 4 5 |  5.1
Shields        | |  3.6

Action                   |  1- 3 |  4- 6 |  7- 9 | 10-12 | 13-15 | 16-18 || total
-------------------------+-------+-------+-------+-------+-------+-------++-------
Melee: War axe           |    70 |   148 |   232 |       |       |       ||   450
       Headbutt          |     9 |    26 |    60 |   178 |   266 |    65 ||   604
       Hand axe          |       |       |   110 |   516 |       |       ||   626
       Battleaxe         |       |       |       |   267 |  1040 |   225 ||  1532
       Dire flail        |       |       |       |    28 |    42 |       ||    70
       Unarmed           |       |       |       |       |       |     3 ||     3
Invok: Heroism           |       |       |       |     1 |       |       ||     1
  Use: Scroll            |       |    19 |     5 |     7 |    13 |     1 ||    45
       Potion            |       |       |     1 |     4 |     6 |     1 ||    12
 Stab: Distracted        |       |       |       |       |     1 |       ||     1
  Eat: Chunk             |       |     7 |     1 |    10 |    10 |       ||    28
       Fruit             |       |     4 |       |     5 |     4 |       ||    13
       Bread ration      |       |       |     3 |     1 |     4 |     1 ||     9
       Pizza             |       |       |     1 |       |     1 |       ||     2
       Beef jerky        |       |       |       |     2 |     3 |     1 ||     6
       Meat ration       |       |       |       |     1 |     1 |       ||     2
       Royal jelly       |       |       |       |     2 |     2 |       ||     4
Armor: Scale mail        |    23 |    46 |   117 |    23 |       |       ||   209
       Chain mail        |       |       |       |    61 |       |       ||    61
       Plate armour      |       |       |       |   297 |   586 |   182 ||  1065
Dodge: Dodged            |    26 |    23 |    86 |   217 |   400 |   103 ||   855
Block: Shield            |    38 |    62 |   122 |   148 |       |       ||   370
       Other             |       |       |       |       |    80 |    37 ||   117
       Reflection        |       |       |       |       |     2 |       ||     2
